 Dungeon Crawl Stone Soup version 0.29-a0-542-g075992c915 (webtiles) character file.

Game seed: 5490508977073794468

480 snarfax the Cleaver (level 7, -2/57 HPs)
             Began as a Hill Orc Monk on June 3, 2022.
             Slain by Pikel
             ... wielding a +0 whip of electrocution
              (19 damage)
             ... on level 4 of the Dungeon.
             The game lasted 00:11:23 (2779 turns).

snarfax the Cleaver (Hill Orc Monk)                 Turns: 2779, Time: 00:11:24

Health: -2/57      AC: 11    Str: 16    XL:     7   Next: 12%
Magic:  7/7        EV: 14    Int: 10    God:
Gold:   185        SH:  0    Dex: 13    Spells: 6/6 levels left

rFire   . . .      SeeInvis .   a - +0 hand axe
rCold   . . .      Faith    .   (no shield)
rNeg    . . .      Spirit   .   A - +0 scale mail
rPois   .          Reflect  .   t - +2 hat
rElec   .          Harm     .   C - +1 cloak {rCorr}
rCorr   +          Rampage  .   (no gloves)
Will    +....                   y - +0 pair of boots
Stlth   ..........              e - amulet of regeneration
HPRegen 0.99/turn               j - +4 ring of evasion
MPRegen 0.10/turn               s - ring of willpower

@: no status effects
A: no striking features
a: no special abilities


You were on level 4 of the Dungeon.
You visited 1 branch of the dungeon, and saw 4 of its levels.

You collected 185 gold pieces.

Inventory:

Hand Weapons
 a - a +0 hand axe (weapon)
Missiles
 b - a boomerang
 d - 2 atropa-tipped darts
 k - 4 poisoned darts
 r - 5 curare-tipped darts (quivered)
Armour
 t - a +2 hat (worn)
 y - a +0 pair of boots (worn)
 A - a +0 scale mail (worn)
 C - a +1 cloak of preservation (worn)
Jewellery
 e - an amulet of regeneration (around neck)
 i - a +4 ring of protection
 j - a +4 ring of evasion (left hand)
 s - a ring of willpower (right hand)
 z - a ring of fire
Wands
 g - a wand of acid (7)
 B - a wand of digging (6)
Scrolls
 q - 2 scrolls of enchant armour
Potions
 c - a potion of ambrosia
 f - 3 potions of curing
 h - a potion of cancellation {unknown}
 o - a potion of berserk rage {unknown}
 v - a potion of haste {unknown}
 w - a potion of lignification {unknown}
 x - 3 potions of heal wounds {unknown}


   Skills:
 - Level 3.6 Fighting
 + Level 10.3 Axes
 - Level 2.4 Dodging
 - Level 1.5 Stealth


You had 6 spell levels left.
You didn't know any spells.
Your spell library was empty.

Dungeon Overview and Level Annotations

Branches:
Dungeon (4/15)
 Temple: D:4-7

Altars:

Shops:
D:3 *

Annotations:
D:4 Pikel


Message History

Pikel barely misses you.
You hit Pikel.
Pikel is moderately wounded.
Pikel barely misses you.
You hit Pikel.
Pikel is moderately wounded.
You hit Pikel but do no damage.
Pikel is moderately wounded.
Pikel hits you but does no damage.
You hit Pikel.
Pikel is heavily wounded.
You closely miss Pikel.
Pikel is heavily wounded.
Pikel hits you but does no damage.
You closely miss Pikel.
Pikel is heavily wounded.
You hit Pikel.
Pikel is heavily wounded.
Pikel looks more healthy.
Pikel hits you with a +0 whip of electrocution.
You barely miss Pikel.
Pikel is heavily wounded.
Pikel is no longer moving slowly.
You hit Pikel but do no damage.
Pikel is heavily wounded.
Pikel hits you with a +0 whip of electrocution.
You miss Pikel.
Pikel is heavily wounded.
Pikel hits you with a +0 whip of electrocution.
You closely miss Pikel.
Pikel is heavily wounded.
Pikel hits you with a +0 whip of electrocution.
You barely miss Pikel.
Pikel is heavily wounded.
You slash Pikel!
Pikel is severely wounded.
Pikel hits you with a +0 whip of electrocution!
* * * LOW HITPOINT WARNING * * *
You are electrocuted!!
You die...

#..#.......#....######..#
##.###....##......#....##
##$........##...........##
................>.###....##
#......5......##.# #...#..
..........##.##..#####.....
#........###.#.......#.....
.#......###).........#.....
..#.....5K@)..)....)......#
# #.....##.#.......#..##.##
#.#.....[##.......#..####
#.#..................#
.#.#..................#
.#.#..................##
#..#..................#
..#.................###
##..................#


You could see Pikel and a lemure.

Vanquished Creatures
  A black bear (D:4)
  2 lemures
  A scorpion (D:4)
  A gnoll shaman (D:3)
  Crazy Yiuf (D:3)
  An iguana (D:3)
  2 orc wizards (D:3)
  Terence (D:3)
  7 gnolls
  4 adders
  2 worms
  A dart slug (D:1)
  6 orcs
  6 endoplasms
  2 goblins
  6 hobgoblins
  3 quokkas
  6 ball pythons
  6 bats
  2 frilled lizards
  5 kobolds
  7 rats
73 creatures vanquished.

Vanquished Creatures (others)
  A fungus (D:3)
1 creature vanquished.

Grand Total: 74 creatures vanquished

Notes
Turn   | Place    | Note
-------+----------+-------------------------------------------
     0 | D:1      | snarfax the Hill Orc Monk began the quest for the Orb.
     0 | D:1      | Reached XP level 1. HP: 19/19 MP: 1/1
   314 | D:1      | Found a faded altar of an unknown god.
   328 | D:1      | Reached XP level 2. HP: 26/26 MP: 2/2
   428 | D:1      | Reached skill level 5 in Axes
  1039 | D:2      | Reached XP level 3. HP: 31/31 MP: 3/3
  1161 | D:2      | Reached skill level 6 in Axes
  1597 | D:3      | Found Odghagir's Assorted Antiques.
  1668 | D:3      | Reached XP level 4. HP: 39/39 MP: 4/4
  1815 | D:3      | Noticed Terence
  1833 | D:3      | Killed Terence
  1834 | D:3      | Reached skill level 7 in Axes
  1843 | D:3      | Reached XP level 5. HP: 45/45 MP: 5/5
  1941 | D:3      | Found a runed translucent door.
  1942 | D:3      | Noticed Crazy Yiuf
  2191 | D:3      | Killed Crazy Yiuf
  2286 | D:4      | Reached skill level 8 in Axes
  2331 | D:3      | Reached XP level 6. HP: 33/51 MP: 6/6
  2497 | D:3      | Reached skill level 9 in Axes
  2558 | D:4      | Noticed a black bear
  2566 | D:4      | Killed a black bear
  2647 | D:4      | Reached skill level 10 in Axes
  2675 | D:4      | Reached XP level 7. HP: 55/57 MP: 7/7
  2690 | D:4      | Noticed Pikel
  2779 | D:4      | Slain by Pikel

Illustrated notes

Levels and vault maps discovered:
D:1:      tarquinn_simple_flora_water_e, layout_loops_ring,
          ebering_ecumenical_altar_webs
D:2:      layout_loops_ring
D:3:      layout_loops_ring, serial_shops, shop, uniq_terence,
          uniq_crazy_yiuf_cottage
D:4:      layout_cave_pools, nicolae_qazlal_eye_of_the_storm,
          minmay_temple_entry_steel_oval, uniq_pikel

Skill      XL: |  1  2  3  4  5  6 |
---------------+-------------------+-----
Axes           | 5 6 7 8 10 | 10.3
Fighting       | |  3.6
Dodging        | |  2.4
Stealth        | |  1.5

Action                   |  1- 3 |  4- 6 |  7- 9 || total
-------------------------+-------+-------+-------++-------
Melee: Hand axe          |   133 |   165 |    40 ||   338
       Punch             |     4 |     1 |       ||     5
Throw: Dart              |     2 |     7 |     2 ||    11
  Use: Scroll            |       |     7 |       ||     7
 Stab: Sleeping          |     2 |       |       ||     2
Armor: Robe              |    13 |       |       ||    13
       Ring mail         |    18 |     9 |       ||    27
       Scale mail        |       |    37 |     6 ||    43
Dodge: Dodged            |    94 |   114 |    13 ||   221

Table legend: (Time is in decaauts)
 A = Elapsed time spent in this place.
 B = Non-inter-level travel time spent in this place.
 C = Inter-level travel time spent in this place.
 D = Time resting spent in this place.
 E = Time spent auto-exploring this place.
 F = Levels seen in this place.
 G = Mean time per level.
                   A        B        C        D        E       F      G
               +--------+--------+--------+--------+--------+-----+--------+
         Total |   2766 |   2663 |    103 |    153 |   1700 |   4 |  691.5 |
       Dungeon |   2766 |   2663 |    103 |    153 |   1700 |   4 |  691.5 |
               +--------+--------+--------+--------+--------+-----+--------+

Top non-repeatable levels by time:
     D:3: 1008 daAuts
     D:1: 826 daAuts
     D:2: 654 daAuts
     D:4: 277 daAuts
